[ PARTIDA AOE2 · #513682864 ]
UnrankedCeltas vs Chinese
Equipo del jugador · DERR
Equipo rival · VICT
[ ANÁLISIS DE REPETICIÓN · EXTRAÍDO DE LA PARTIDA GRABADA ]
Feudal
12:28
Castillos
18:18
Imperial
—
| APM promedio | 47.3 |
| APM pico | 101 |
| eAPM promedio | 16.6 |
| Aldeanos / militares | 34 / 4 |
Foco
⚔️ 34.9% · 🌾 65.1%
Knight ×2 · Mangonel ×2
Feudal
11:07
Castillos
—
Imperial
—
| APM promedio | 37.2 |
| APM pico | 79 |
| eAPM promedio | 21.6 |
| Aldeanos / militares | 36 / 10 |
Foco
⚔️ 39.2% · 🌾 60.8%
Spearman ×7 · Scout Cavalry ×3
Mapa de la partida
Recursos iniciales + cada clic de construcción. Líneas = muros · curvas = relieve. ◆ oro · ⬟ piedra · ● bayas · ✦ reliquia · ◌ hueco del cierre
Tu base· Abierta — flanco sin cerrar
Base de Bobler· Abierta — flanco sin cerrar
Terreno inicial suavizado · ◌ = hueco del cierre detectado · pasá el cursor para detalles
Inputs por minuto
— Portugeezer3 - - Bobler
Build order — Portugeezer3
78 acciones detectadas en el replay
| 0:01 | Encolar | Villager (Male) |
| 0:02 | Construir | House |
| 0:04 | Construir | House |
| 0:09 | Encolar | Villager (Male) |
| 0:32 | Encolar | Villager (Male) ×2 |
| 1:12 | Investigar | Loom |
| 1:30 | Encolar | Villager (Male) |
| 2:07 | Construir | Palisade Gate |
| 2:21 | Encolar | Villager (Male) |
| 2:40 | Encolar | Villager (Male) |
| 2:40 | Encolar | Villager (Male) |
| 2:48 | Encolar | Villager (Male) |
| 2:49 | Encolar | Villager (Male) |
| 3:01 | Encolar | Villager (Male) |
| 3:02 | Encolar | Villager (Male) |
| 3:38 | Encolar | Villager (Male) |
| 3:38 | Encolar | Villager (Male) |
| 3:38 | Encolar | Villager (Male) |
| 4:23 | Encolar | Villager (Male) |
| 4:37 | Construir | Lumber Camp |
| 5:18 | Encolar | Villager (Male) |
| 5:18 | Encolar | Villager (Male) |
| 5:18 | Encolar | Villager (Male) |
| 5:28 | Encolar | Villager (Male) |
| 5:29 | Encolar | Villager (Male) |
| 5:31 | Construir | House |
| 5:34 | Encolar | Villager (Male) |
| 6:33 | Encolar | Villager (Male) |
| 6:33 | Encolar | Villager (Male) |
| 6:33 | Encolar | Villager (Male) |
| 6:40 | Encolar | Villager (Male) |
| 6:43 | Construir | Mill |
| 7:06 | Encolar | Villager (Male) |
| 7:19 | Construir | House |
| 7:58 | Construir | Mill |
| 8:09 | Encolar | Villager (Male) |
| 9:10 | Encolar | Villager (Male) |
| 9:10 | Encolar | Villager (Male) |
| 10:18 | Investigar | Feudal Age |
| 10:32 | Construir | House |
| 10:38 | Construir | Farm |
| 10:47 | Construir | Mining Camp |
| 11:13 | Construir | House |
| 11:31 | Construir | Barracks |
| 12:25 | Construir | Barracks |
| 12:28 | Edad | Edad Feudal |
| 12:32 | Encolar | Villager (Male) |
| 12:59 | Construir | Farm |
| 13:20 | Encolar | Villager (Male) |
| 13:59 | Encolar | Villager (Male) |
| 14:24 | Construir | Market |
| 14:27 | Construir | Stable |
| 15:05 | Construir | Farm |
| 15:07 | Construir | Farm |
| 15:28 | Construir | Farm |
| 15:38 | Investigar | Castle Age |
| 16:22 | Construir | Palisade Wall |
| 16:23 | Construir | Palisade Wall |
| 16:34 | Construir | Palisade Wall |
| 17:02 | Construir | Farm |
| 17:15 | Construir | House |
| 18:18 | Edad | Edad de los Castillos |
| 18:25 | Construir | Lumber Camp |
| 18:30 | Construir | Blacksmith |
| 18:46 | Construir | House |
| 18:48 | Encolar | Knight |
| 18:59 | Construir | Siege Workshop |
| 19:28 | Encolar | Mangonel |
| 19:42 | Construir | Lumber Camp |
| 20:21 | Construir | Mill |
| 20:22 | Construir | Farm |
| 20:23 | Construir | Farm |
| 20:25 | Encolar | Knight |
| 20:49 | Construir | House |
| 21:17 | Encolar | Mangonel |
| 21:23 | Encolar | Villager (Male) |
| 21:31 | Construir | Farm |
| 21:32 | Construir | Farm |
Build order — Bobler
120 acciones detectadas en el replay
| 0:57 | Encolar | Villager (Male) |
| 1:19 | Investigar | Loom |
| 1:29 | Encolar | Villager (Male) |
| 1:45 | Encolar | Villager (Male) |
| 2:36 | Encolar | Villager (Male) |
| 2:59 | Encolar | Villager (Male) |
| 3:15 | Encolar | Villager (Male) |
| 3:15 | Encolar | Villager (Male) |
| 3:42 | Construir | House |
| 3:52 | Encolar | Villager (Male) |
| 3:53 | Encolar | Villager (Male) |
| 4:34 | Encolar | Villager (Male) |
| 5:14 | Encolar | Villager (Male) |
| 5:24 | Encolar | Villager (Male) |
| 5:24 | Encolar | Villager (Male) |
| 5:24 | Encolar | Villager (Male) |
| 5:29 | Encolar | Villager (Male) |
| 5:29 | Encolar | Villager (Male) |
| 5:47 | Construir | Mill |
| 6:09 | Construir | House |
| 6:15 | Construir | Mill |
| 6:38 | Encolar | Villager (Male) |
| 7:39 | Encolar | Villager (Male) |
| 7:42 | Construir | Lumber Camp |
| 7:59 | Construir | Outpost |
| 8:28 | Encolar | Villager (Male) |
| 8:52 | Construir | Mining Camp |
| 8:57 | Investigar | Feudal Age |
| 10:04 | Construir | Outpost |
| 10:13 | Construir | House |
| 10:16 | Encolar | Villager (Male) |
| 10:43 | Construir | Outpost |
| 11:07 | Edad | Edad Feudal |
| 11:11 | Construir | Watch Tower |
| 11:15 | Investigar | Town Watch |
| 11:15 | Encolar | Villager (Male) |
| 11:16 | Encolar | Villager (Male) |
| 11:23 | Construir | Palisade Wall |
| 11:23 | Construir | Palisade Wall |
| 11:24 | Construir | Palisade Wall |
| 11:25 | Construir | Palisade Wall |
| 11:36 | Construir | Blacksmith |
| 12:14 | Encolar | Villager (Male) |
| 12:43 | Construir | House |
| 12:44 | Investigar | Fletching |
| 13:09 | Construir | Watch Tower |
| 13:15 | Construir | Farm |
| 13:16 | Construir | Farm |
| 13:27 | Construir | Palisade Wall |
| 13:28 | Construir | Palisade Wall |
| 13:30 | Construir | Palisade Wall |
| 13:32 | Construir | Palisade Wall |
| 13:35 | Construir | Palisade Wall |
| 13:37 | Construir | House |
| 13:41 | Construir | Palisade Wall |
| 14:19 | Construir | Farm |
| 14:28 | Encolar | Villager (Male) |
| 14:45 | Construir | Watch Tower |
| 14:48 | Encolar | Villager (Male) |
| 14:49 | Encolar | Villager (Male) |
| 14:52 | Construir | Farm |
| 15:01 | Construir | Farm |
| 15:12 | Encolar | Villager (Male) |
| 15:24 | Construir | Palisade Wall |
| 15:28 | Construir | Palisade Wall |
| 15:31 | Construir | Palisade Wall |
| 15:33 | Construir | Palisade Wall |
| 15:34 | Construir | Palisade Wall |
| 15:34 | Construir | Palisade Wall |
| 15:35 | Construir | Palisade Wall |
| 15:46 | Construir | House |
| 15:55 | Construir | Palisade Wall |
| 15:58 | Construir | Palisade Wall |
| 15:58 | Construir | Palisade Wall |
| 16:05 | Construir | Watch Tower |
| 16:16 | Construir | Palisade Wall |
| 16:41 | Encolar | Villager (Male) |
| 16:43 | Construir | House |
| 16:53 | Construir | Watch Tower |
| 17:07 | Encolar | Villager (Male) |
| 17:07 | Encolar | Villager (Male) |
| 17:08 | Construir | Farm |
| 17:11 | Construir | Barracks |
| 17:26 | Construir | Palisade Wall |
| 17:27 | Construir | Palisade Wall |
| 17:28 | Construir | Palisade Wall |
| 17:28 | Construir | Palisade Wall |
| 17:29 | Construir | Palisade Wall |
| 17:36 | Encolar | Villager (Male) |
| 17:40 | Construir | Watch Tower |
| 17:43 | Construir | Palisade Wall |
| 17:44 | Construir | Palisade Wall |
| 17:45 | Construir | Palisade Wall |
| 17:45 | Construir | Palisade Wall |
| 18:18 | Construir | Palisade Wall |
| 18:29 | Construir | Watch Tower |
| 19:02 | Encolar | Villager (Male) |
| 19:15 | Encolar | Villager (Male) |
| 19:41 | Construir | Stable |
| 19:48 | Construir | Watch Tower |
| 19:52 | Encolar | Spearman |
| 19:53 | Encolar | Spearman |
| 19:53 | Encolar | Spearman |
| 19:56 | Encolar | Villager (Male) |
| 19:59 | Investigar | Forging |
| 20:32 | Encolar | Scout Cavalry |
| 20:32 | Encolar | Scout Cavalry |
| 20:32 | Encolar | Scout Cavalry |
| 20:34 | Construir | House |
| 20:41 | Encolar | Spearman |
| 20:44 | Construir | Farm |
| 20:48 | Construir | Farm |
| 20:58 | Encolar | Spearman |
| 21:14 | Construir | House |
| 21:15 | Construir | House |
| 21:44 | Encolar | Villager (Male) |
| 22:00 | Encolar | Spearman |
| 22:01 | Encolar | Spearman |
| 22:15 | Construir | Watch Tower |
| 22:25 | Encolar | Villager (Male) |
Cronología de la partida
| 11:07 | Bobler · age_up feudal |
| 11:23 | Bobler · wall_segment Palisade Wall x1 |
| 11:23 | Bobler · wall_segment Palisade Wall x1 |
| 11:24 | Bobler · wall_segment Palisade Wall x1 |
| 11:25 | Bobler · wall_segment Palisade Wall x1 |
| 11:31 | Portugeezer3 · first_building Barracks |
| 12:28 | Portugeezer3 · age_up feudal |
| 13:27 | Bobler · wall_segment Palisade Wall x1 |
| 13:28 | Bobler · wall_segment Palisade Wall x1 |
| 13:30 | Bobler · wall_segment Palisade Wall x1 |
| 13:32 | Bobler · wall_segment Palisade Wall x1 |
| 13:35 | Bobler · wall_segment Palisade Wall x1 |
| 13:41 | Bobler · wall_segment Palisade Wall x1 |
| 14:27 | Portugeezer3 · first_building Stable |
| 15:11 | Portugeezer3 · first_market_buy 100 food |
| 15:14 | Portugeezer3 · first_market_sell 100 stone |
| 15:24 | Bobler · wall_segment Palisade Wall x1 |
| 15:28 | Bobler · wall_segment Palisade Wall x1 |
| 15:31 | Bobler · wall_segment Palisade Wall x4 |
| 15:33 | Bobler · wall_segment Palisade Wall x1 |
| 15:34 | Bobler · wall_segment Palisade Wall x1 |
| 15:34 | Bobler · wall_segment Palisade Wall x1 |
| 15:35 | Bobler · wall_segment Palisade Wall x1 |
| 15:55 | Bobler · wall_segment Palisade Wall x1 |
| 15:58 | Bobler · wall_segment Palisade Wall x1 |
| 15:58 | Bobler · wall_segment Palisade Wall x1 |
| 16:16 | Bobler · wall_segment Palisade Wall x1 |
| 16:22 | Portugeezer3 · wall_segment Palisade Wall x1 |
| 16:23 | Portugeezer3 · wall_segment Palisade Wall x1 |
| 16:34 | Portugeezer3 · wall_segment Palisade Wall x1 |
| 17:11 | Bobler · first_building Barracks |
| 17:26 | Bobler · wall_segment Palisade Wall x2 |
| 17:27 | Bobler · wall_segment Palisade Wall x1 |
| 17:28 | Bobler · wall_segment Palisade Wall x1 |
| 17:28 | Bobler · wall_segment Palisade Wall x1 |
| 17:29 | Bobler · wall_segment Palisade Wall x1 |
| 17:43 | Bobler · wall_segment Palisade Wall x1 |
| 17:44 | Bobler · wall_segment Palisade Wall x1 |
| 17:45 | Bobler · wall_segment Palisade Wall x1 |
| 17:45 | Bobler · wall_segment Palisade Wall x1 |
| 18:18 | Portugeezer3 · age_up castle |
| 18:18 | Bobler · wall_segment Palisade Wall x1 |
| 18:59 | Portugeezer3 · first_building Siege Workshop |
| 19:41 | Bobler · first_building Stable |
| 22:33 | Portugeezer3 · resign |
[ ANÁLISIS IA · 1 CRÉDITO ]
¿Qué pasó realmente en esta partida?
Wolo.gg analiza cada decisión: build order, eco, micro, errores típicos por bracket. Análisis personalizado por WhatsApp o Discord en 30 segundos.
Guía civ
Celtas
Perfil
Jugador #25507933